Map: Miner Evacuation

Players

wasp

  • Race: Protoss Protoss

larsgj

  • Race: Terran Terran

VOD

Have the link to the VOD?

Description

Time

  • Played on: Jan. 6, 2019, 6:15 a.m.
  • Length: 23:35
Show
View Real Time Build Order
Export as new Build Order

wasp Protoss 

Build Orders:  

Get SALT Encoding   

  1  0:00  Probe x12 (Chrono Boost)  
    0:10  Unknown x2  
  12  0:25  Pylon  
  12  0:52  Gateway  
  12  1:02  Pylon  
  12  1:41  Forge  
  12  1:49  Assimilator  
  12  1:53  Assimilator  
  12  2:02  Zealot  
  14  2:14  Cybernetics Core  
  14  2:30  Zealot  
  16  2:48  Probe (Chrono Boost)  
  17  3:02  Probe (Chrono Boost)  
  18  3:16  Probe (Chrono Boost)  
  19  3:23  Twilight Council  
  19  3:43  Zealot  
  21  4:08  Dragoon  
  23  4:37  Templar Archives  
  23  5:39  High Templar  
  25  5:41  High Templar  
  25  5:45  Archon  
  17  6:53  High Templar  
  17  6:55  High Templar  
  21  7:00  Archon  
  21  7:14  Zealot  
  23  7:41  Pylon  
  23  7:47  Psionic Storm  
  23  8:09  Protoss Shields Level 1  
  23  8:23  Dragoon  
  25  8:38  Gateway  
  25  8:44  Dragoon  
  25  8:47  Khaydarin Amulet  
  27  9:33  Dragoon  
  29  10:42  Dragoon x2  
  29  10:43  Dragoon x2  
  29  10:46  Dragoon  
  29  10:47  Dragoon  
  41  11:34  High Templar  
  41  11:38  High Templar  
  45  11:41  Archon  
  45  11:49  Dragoon  
  47  11:51  Dragoon  
  49  13:15  Stargate  
  49  13:25  Stargate  
  49  14:03  Dragoon  
  49  14:07  Dragoon x2  
  55  14:58  Fleet Beacon  
  55  16:21  Nexus  
  55  18:20  Tempest  
  55  18:21  Tempest  
  63  18:58  Probe (Chrono Boost)  
  58  19:12  Probe (Chrono Boost)  
  59  19:26  Probe (Chrono Boost)  
  60  19:40  Probe (Chrono Boost)  
  61  20:11  Dragoon x2  
  61  20:12  Dragoon  
  67  21:20  Tempest  
  67  21:21  Tempest  
  75  21:47  Assimilator  
  75  21:54  Probe (Chrono Boost)  
  75  21:55  Assimilator  
  76  22:08  Probe (Chrono Boost)  
  77  22:21  Probe (Chrono Boost)  
  78  22:35  Probe (Chrono Boost)  
Show
View Real Time Build Order
Export as new Build Order

larsgj Terran 

Build Orders:  

Get SALT Encoding   

  1  0:00  Orbital Command, SCV x12  
    0:10  Unknown  
    0:13  SCV  
  4  0:30  SCV  
  13  0:37  Supply Depot  
  14  0:56  Barracks  
  14  1:01  SCV  
  15  1:18  SCV  
  16  1:30  Refinery  
  16  1:33  Refinery  
  16  1:35  SCV  
  17  1:44  Marine  
  18  1:52  SCV  
  18  1:58  Supply Depot  
  18  1:59  Marine  
  19  2:09  SCV  
  21  2:20  Marine  
  21  2:26  SCV  
  23  2:37  Supply Depot  
  23  2:42  Marine  
  23  2:43  SCV  
  25  3:08  SCV  
  25  3:09  Marine, Engineering Bay  
  27  3:25  SCV  
  27  3:28  Marine  
  29  3:41  SCV  
  29  3:47  Barracks  
  29  3:49  Marine  
  31  4:02  SCV  
  31  4:03  Marine  
  33  4:20  Terran Infantry Weapons Level 1  
  33  4:31  Barracks Tech Lab  
  33  4:40  Supply Depot  
  33  5:13  Bunker  
  33  5:36  Stabilizer Medpacks  
  33  5:41  Barracks Tech Lab  
  33  5:42  Marine  
  34  5:51  Bunker  
  34  6:01  Medic  
  34  6:08  Medic  
  36  6:11  Medic  
  36  6:18  Medic  
  41  6:36  Unknown  
  41  6:57  Marine, Medic  
  42  7:00  Terran Infantry Armor Level 1  
  42  7:07  Marine, Medic  
  41  7:17  Marine  
  41  7:18  Medic  
  41  7:19  Bunker  
  43  7:29  SCV  
  47  7:54  Bunker  
  47  7:57  Marine, Medic, Supply Depot  
  47  8:00  SCV  
  47  8:08  Marine, Medic  
  51  8:18  Marine  
  51  8:19  Factory  
  55  8:50  Neosteel Frame  
  55  9:37  Marine, Medic, Supply Depot  
  55  9:39  Supply Depot  
  55  9:42  Supply Depot  
  55  9:45  Supply Depot  
  55  9:46  Orbital Command  
  55  9:48  Marauder x2, Supply Depot  
  58  9:50  Supply Depot  
  62  10:00  Marauder  
  62  10:01  Marauder  
  66  10:13  Marine  
  67  10:40  Structure Armor  
  67  11:53  Command Center  
  67  12:27  Marauder x2, Armory  
  71  12:39  Marine x2  
  73  12:50  Marauder x2  
  77  13:02  Marine x2  
  79  13:12  Marine  
  79  13:13  Marauder  
  82  13:45  Marine x2  
  84  13:55  Marine  
  84  13:56  Marine  
  84  13:58  Terran Infantry Weapons Level 2  
  86  14:05  Marine  
  86  14:06  Medic  
  86  14:08  Supply Depot  
  89  14:11  Supply Depot x2  
  89  14:16  Bunker, Medic x2  
  93  14:26  Marine x2, SCV  
  96  14:34  Refinery  
  96  14:43  SCV  
  97  14:52  Bunker  
  97  14:57  Marine x2  
  97  15:00  SCV  
  97  15:07  Medic  
  97  15:08  Medic  
  100  15:17  SCV  
  100  15:18  Marine x2  
  105  15:28  Marine x2  
  107  15:30  Bunker  
  109  16:07  Bunker  
  109  16:42  SCV  
  110  16:59  SCV  
  111  17:08  Terran Infantry Armor Level 2  
  111  17:16  SCV  
  112  17:22  Marine  
  112  17:24  Marine  
  114  17:33  Marine, SCV  
  114  17:34  Marine  
  117  17:43  Marauder  
  117  17:45  Marauder  
  121  17:50  SCV  
  121  17:51  Refinery  
  121  17:56  Marauder  
  121  17:58  Marauder  
  124  18:03  Bunker  
  124  18:07  SCV  
  124  18:08  Medic  
  127  18:10  Medic  
  131  18:24  SCV  
  132  18:41  SCV  
  132  18:45  Bunker  
  129  18:58  SCV  
  125  19:26  Bunker  
  125  19:29  Marine x2  
  125  19:39  Marine  
  119  19:40  Marauder  
  120  19:50  Marauder  
  123  19:52  Marauder  
  123  19:59  Bunker  
  127  20:02  Medic  
  127  20:04  Medic  
  131  20:10  SCV  
  131  20:12  Medic  
  131  20:15  Marine  
  135  20:27  SCV  
  135  20:29  Terran Vehicle And Ship Armor Level 1  
  136  20:31  Bunker  
  136  20:44  SCV  
  133  21:01  SCV  
  133  21:04  Bunker  
  134  21:20  Orbital Command  
  134  21:38  Bunker  
  134  21:57  Supply Depot  
  134  22:00  Supply Depot  
  134  22:01  Supply Depot  
  134  22:02  Supply Depot  
  134  22:03  Supply Depot  
  134  22:06  Supply Depot  
  134  22:07  Supply Depot x2  
  134  22:10  Supply Depot  
  134  22:13  Supply Depot  
  134  22:15  Supply Depot  
  134  22:17  Bunker, Supply Depot  
  134  22:24  Barracks  
  129  22:43  Marine x2  
  127  22:51  Bunker  
  127  22:53  Marine x2  
  127  22:55  Marine  
  126  23:03  Marine  
  126  23:04  Marine  
  126  23:05  Marine  
  119  23:23  Barracks Tech Lab  
Tags
 
Commander
ArtanisRaynor
Matchup
Co-op
Replay Pack
Multiplayer
Add a new tag
Caveats
  • Supply blocks, unpowered buildings, or Contaminate may cause inaccurate times.
  • Supply counts are checked every 10 seconds.